 Dungeon Crawl Stone Soup version 0.19-a0-475-gfca3800 (webtiles) character file.

389 namelastname112 the Grave Robber (level 6, -5/36 HPs)
             Began as a Tengu Necromancer on June 4, 2016.
             Killed from afar by a sheep (41 damage)
             ... with an exploding inner flame
             ... on level 4 of the Dungeon.
             The game lasted 00:09:41 (4367 turns).

namelastname112 the Grave Robber (TeNe)             Turns: 4367, Time: 00:09:42

Health: -5/36      AC:  3    Str: 10    XL:     6   Next: 79%
Magic:  11/11      EV: 13    Int: 16    God:
Gold:   140        SH:  0    Dex: 14    Spells: 4 memorised, 3 levels left

rFire  . . .     SeeInvis .     n - +0 long sword
rCold  . . .     Gourm    .     a - +0 robe
rNeg   . . .     Faith    .     (no shield)
rPois  .         Spirit   .     (helmet restricted)
rElec  .         Dismiss  .     (no cloak)
rCorr  +         Reflect  .     d - +0 pair of gloves
SustAt .         Harm     .     (boots unavailable)
MR     .....                    (no amulet)
Stlth  ++........               (no ring)
                                f - ring of resist corrosion

@: not resistant to hostile enchantments, unstealthy
A: beak, talons 3, able to fly 1
a: Fly


You were on level 4 of the Dungeon.
You were not hungry.

You visited 1 branch of the dungeon, and saw 4 of its levels.

You collected 140 gold pieces.

Inventory:

Hand Weapons
 n - a +0 long sword (weapon)
 A - a +0 short sword
Armour
 a - a +0 robe (worn)
 d - a +0 pair of gloves (worn)
 i - a +0 buckler
Jewellery
 f - a ring of resist corrosion (left hand)
Wands
 B - a wand of paralysis (9/24)
Scrolls
 e - a scroll of remove curse {unknown}
 g - a scroll of enchant armour {unknown}
 h - 2 scrolls of recharging {unknown}
 l - 2 scrolls of fog {unknown}
 o - 3 scrolls of identify {unknown}
 u - a scroll of random uselessness {unknown}
 v - a scroll of immolation {unknown}
 w - a scroll of magic mapping {unknown}
 y - 2 scrolls of teleportation {unknown}
Potions
 j - 3 potions of cure mutation {unknown}
 k - 4 potions of lignification {unknown}
 m - a potion of agility {unknown}
 p - a potion of experience {unknown}
 r - a potion of cancellation {unknown}
 s - a potion of degeneration {unknown}
 t - a potion of flight {unknown}
 x - 2 potions of ambrosia {unknown}
Books
 b - a book of Necromancy

   Spells                             Type                      Level
   a - Pain                           Necromancy                   1
   b - Animate Skeleton               Necromancy                   1
   c - Vampiric Draining              Necromancy                   3
   d - Regeneration                   Charms/Necromancy            3
   e - Animate Dead                   Necromancy                   4
   f - Control Undead                 Necromancy                   4
 q - a book of the Tempests

   Spells                             Type                      Level
   a - Static Discharge               Conjuration/Air              3
   b - Lightning Bolt                 Conjuration/Air              5
   c - Fireball                       Conjuration/Fire             5
   d - Tornado                        Air                          9
   e - Shatter                        Earth                        9
Miscellaneous
 C - a sack of spiders
Comestibles
 c - 3 bread rations


   Skills:
 + Level 2.8 Fighting
 * Level 2.0 Short Blades
 + Level 3.5 Dodging
 - Level 2.0 Stealth
 + Level 3.3 Spellcasting
 * Level 6.2 Necromancy


You had 3 spell levels left.
You knew the following spells:

 Your Spells              Type           Power        Failure   Level  Hunger
a - Animate Skeleton      Necr           N/A          1%          1    None
d - Regeneration          Chrm/Necr      ##........   17%         3    ###....
s - Vampiric Draining     Necr           ###.......   4%          3    ###....
z - Pain                  Necr           ###.         1%          1    None


Dungeon Overview and Level Annotations

Branches:
Dungeon (4/15)
 Temple: D:4-7

Altars:
Ashenzari
Vehumet
Xom
Yredelemnul


Innate Abilities, Weirdness & Mutations

You have a beak for a mouth.
You have claws for feet.
You can fly.


Message History

A sheep catches fire!
The sheep is struck with panic!
A sheep catches fire!
The sheep stampedes away.
A sheep catches fire!
A frightened sheep leaps away.
A sheep catches fire!
The sheep bleats in terror.
You hear mad divine giggling.
Found a shimmering altar of Xom.
The sheep burns! x5
The sheep bleats! x5
You hit the sheep.
Your attack snaps the sheep out of its fear.
The sheep is heavily wounded.
The sheep burns! x2
The sheep explodes!
The fiery explosion engulfs you!
Ouch! That really hurt!
You die...

###.###....>..# #...# ###.....
#.###.##.##.# #..)# ####.#
#........##.## #...## #.#
#####.##.##..####....# #.#
#.##.##..........########.>
#######......................####
#..........###............#......
#.##########.....§§.......#..####
#.#..@§§Y...........##
#.#..§§Y.......#..#.## #
#....YY............#
..............#....^.
#...........##.##.#..#
#.#######..... ...#.<# #.
.####.###.†.# #. . # ......#
####.###


You could see 4 sheep.

Vanquished Creatures
  A phantom (D:4)
  2 hounds
  An orc priest (D:4)
  An iguana (D:4)
  Natasha (twice) (D:2)
  A hound skeleton (D:4)
  3 adders
  An ooze (D:3)
  4 worms
  2 dart slugs
  3 giant geckos
  4 orcs
  A ball python (D:4)
  5 bats
  5 giant cockroaches
  7 hobgoblins
  5 jackals (D:3)
  3 quokkas
  A giant newt (D:1)
  4 goblins
  9 kobolds
  2 rats (D:1)
67 creatures vanquished.

Vanquished Creatures (collateral kills)
  A bat (D:2)
  A jackal (D:3)
  A fungus (D:1)
3 creatures vanquished.

Vanquished Creatures (others)
  2 fungi (D:1)
2 creatures vanquished.

Grand Total: 72 creatures vanquished

Notes
Turn   | Place    | Note
--------------------------------------------------------------
     0 | D:1      | namelastname112 the Tengu Necromancer began the quest for the Orb.
     0 | D:1      | Reached XP level 1. HP: 10/10 MP: 4/4
     0 | D:1      | jacquesderrida: nanananamir
     0 | D:1      | namelastname112: помоги мне дженкинс
     0 | D:1      | namelastname112: силу обрести
     0 | D:1      | namelastname112: путеводным знаком
     0 | D:1      | namelastname112: будь в моем пути
     2 | D:1      | Learned a level 1 spell: Animate Skeleton
    14 | D:1      | jacquesderrida: С КЕМ ЗНАКОМ????
   210 | D:1      | jacquesderrida: MAM MEMY
   570 | D:1      | Reached XP level 2. HP: 16/16 MP: 4/6
   747 | D:1      | Reached skill level 1 in Fighting
  1337 | D:1      | Reached XP level 3. HP: 16/20 MP: 0/7
  1371 | D:1      | Learned a level 3 spell: Vampiric Draining
  1401 | D:2      | Found a radiant altar of Vehumet.
  1850 | D:2      | Found a basalt altar of Yredelemnul.
  1866 | D:2      | Found a shattered altar of Ashenzari.
  1981 | D:2      | jacquesderrida: ESHENZERI
  1992 | D:2      | Reached skill level 5 in Necromancy
  2173 | D:2      | Noticed Natasha
  2178 | D:2      | Killed Natasha
  2178 | D:2      | Reached XP level 4. HP: 8/25 MP: 1/8
  2631 | D:2      | Noticed Natasha
  2639 | D:2      | Killed Natasha
  2771 | D:3      | Gained mutation: You can fly. [Tengu growth]
  2771 | D:3      | Reached XP level 5. HP: 26/30 MP: 7/10
  3007 | D:3      | Found a basalt altar of Yredelemnul.
  3477 | D:4      | Learned a level 3 spell: Regeneration
  3483 | D:4      | Reached skill level 1 in Short Blades
  3483 | D:4      | Reached XP level 6. HP: 20/36 MP: 8/11
  3537 | D:4      | Noticed a phantom
  3753 | D:4      | Killed a phantom
  3753 | D:4      | Reached skill level 6 in Necromancy
  4365 | D:4      | Found a shimmering altar of Xom.
  4367 | D:4      | Killed from afar by a sheep

Vault maps used:
D:1:      dpeg_arrival_water_fire
D:2:      vehumet_crystals, ashenzari_altar_1, yredelemnul_altar_generic,
          uniq_natasha
D:3:      lemuel_doored_altar, minivault_24, minivault_5
D:4:      lemuel_coloured_pillars_altar, kb_xom_exploding_sheep, first_bread

Skill      XL: |  1  2  3  4  5  6 |
---------------+-------------------+-----
Fighting       | 1 2 |  2.8
Necromancy     | 5 6 |  6.2
Dodging        | 3 |  3.5
Short Blades   | 1 2 |  2.0
Spellcasting   | 3 |  3.3
Stealth        | |  2.0

Action                   |  1- 3 |  4- 6 || total
-------------------------+-------+-------++-------
Melee: Unarmed           |     5 |       ||     5
       Kick              |     4 |    15 ||    19
       Long sword        |    11 |    82 ||    93
       Peck              |     1 |    12 ||    13
 Cast: Pain              |    56 |    47 ||   103
       Animate Skeleton  |    12 |     5 ||    17
       Vampiric Draining |       |     7 ||     7
       Regeneration      |       |     9 ||     9
 Stab: Sleeping          |       |     2 ||     2
  Eat: Chunk             |     5 |     4 ||     9
       Meat ration       |       |     1 ||     1
Armor: Robe              |     6 |    12 ||    18
Dodge: Dodged            |    24 |    71 ||    95
